Map: Frozen Temple

Players

Shenzen - Winner!

  • Race: Zerg Zerg
  • League: Gold

capac

  • Race: Terran Terran
  • League: Gold

VOD

Have the link to the VOD?

Description

Time

  • Played on: April 25, 2016, 11:02 a.m.
  • Length: 6:59
Show
View Real Time Build Order
Export as new Build Order

Shenzen Zerg - Winner!

Build Orders: Hatch First 

Get SALT Encoding   

  12  0:01  Drone  
  13  0:13  Overlord  
  13  0:18  Drone  
  14  0:33  Drone x2  
  16  0:45  Drone  
  17  0:57  Drone  
  17  0:58  Hatchery  
  17  1:11  Spawning Pool  
  17  1:14  Extractor  
  15  1:19  Drone  
  15  1:20  Drone  
  15  1:22  Drone  
  18  1:30  Drone  
  19  1:41  Overlord  
  19  1:59  Queen  
  19  2:00  Zergling x2  
  22  2:10  Queen  
  22  2:11  Drone x2  
  26  2:16  Metabolic Boost  
  26  2:20  Overlord  
  26  2:23  Drone  
  27  2:34  Queen, Zergling x2  
  27  2:36  Zergling x2  
  31  2:43  Drone  
  32  2:44  Drone  
  32  2:47  Drone  
  34  3:10  Queen  
  34  3:11  Drone x2  
  38  3:25  Roach Warren  
  37  3:28  Overlord x2  
  37  3:36  Zergling x4  
  39  3:47  Hatchery  
  38  4:08  Drone  
  38  4:09  Spore Crawler  
  38  4:13  Spore Crawler  
  37  4:21  Zergling x6  
  37  4:22  Zergling x12  
  46  4:50  Roach x2  
  46  4:51  Roach x3  
  56  4:54  Overlord  
  56  4:55  Overlord  
  56  5:13  Ravager x4  
  60  5:17  Roach  
  60  5:18  Zergling x2  
  60  5:19  Zergling x10  
  68  5:31  Ravager  
  68  5:33  Zergling x12  
  61  6:03  Zergling x24  
  72  6:06  Ravager  
Show
View Real Time Build Order
Export as new Build Order

capac Terran 

Build Orders: Reaper Expand 

Get SALT Encoding   

  12  0:00  SCV  
  13  0:13  SCV  
  14  0:19  Supply Depot  
  14  0:25  SCV  
  15  0:41  SCV  
  15  0:42  Barracks  
  16  0:46  Refinery  
  16  0:53  SCV  
  17  1:05  SCV  
  18  1:17  SCV  
  19  1:32  Reaper  
  21  1:35  Orbital Command  
  20  1:41  Command Center  
  20  2:04  SCV  
  20  2:07  Marine  
  22  2:17  Supply Depot, Factory  
  22  2:18  SCV  
  23  2:30  Barracks  
  23  2:37  Barracks Reactor  
  23  2:38  SCV  
  24  2:56  SCV  
  25  2:58  Orbital Command  
  25  3:04  Engineering Bay, Refinery  
  25  3:05  Starport  
  25  3:10  SCV  
  26  3:17  Bunker  
  26  3:20  Barracks Tech Lab  
  26  3:25  Factory Tech Lab  
  26  3:27  SCV x2  
  28  3:35  Supply Depot  
  28  3:39  SCV x2  
  30  3:44  Marine  
  30  3:46  Marine x2  
  33  3:51  SCV x2, Missile Turret  
  35  3:55  Medivac  
  37  4:10  SCV  
  37  4:11  Marine, SCV  
  37  4:14  Refinery  
  37  4:16  Refinery  
  37  4:17  Siege Tank  
  43  4:23  SCV x2  
  45  4:30  Medivac  
  46  4:56  Marine, SCV x2  
  46  4:57  Marine x2  
  51  5:09  Barracks  
  51  5:10  Barracks  
  51  5:11  Barracks  
  51  5:14  Marine x3  
  54  5:22  Supply Depot  
  54  5:43  Viking, Marine x3, Siege Tank  
  62  5:53  SCV  
  56  6:01  Marine  
  43  6:15  Marine x2  
  43  6:16  Marine x3  
Tags
 
Add a new tag
Caveats
  • Supply blocks, unpowered buildings, or Contaminate may cause inaccurate times.
  • Supply counts are checked every 10 seconds.